 Dungeon Crawl Stone Soup version 0.23.0-3-gf3c87f2 (webtiles) character file.

Game seed: 3836509640088033768

933 vishdafish the Charmwright (level 8, 0/63 HPs)
             Began as a Gnoll Skald on Feb 20, 2019.
             Shot with an arrow by a centaur (7 damage)
             ... on level 5 of the Dungeon.
             The game lasted 00:09:33 (4515 turns).

vishdafish the Charmwright (Gnoll Skald)            Turns: 4515, Time: 00:09:33

Health: 0/63       AC:  6    Str: 14    XL:     8   Next: 11%
Magic:  14/16      EV: 15    Int: 18    God:
Gold:   210        SH:  0    Dex: 14    Spells: 13/18 levels left

rFire    . . .     SeeInvis .   l - +2 hand axe (distort)
rCold    . . .     Gourm    .   (no shield)
rNeg     + . .     Faith    .   c - +2 robe {rN+}
rPois    .         Spirit   .   (no helmet)
rElec    .         Reflect  .   s - +1 cloak
rCorr    .         Harm     .   (no gloves)
MR       .....                  (no boots)
Stlth    ++........             (no amulet)
HPRegen  0.20/turn              (no ring)
MPRegen  0.15/turn              (no ring)

@: lethally poisoned (0 -> -1), infused, hasted, very quick
A: distributed training, fangs 1, strong nose
a: no special abilities


You were on level 5 of the Dungeon.
You were hungry.

You visited 1 branch of the dungeon, and saw 5 of its levels.

You collected 210 gold pieces.

Inventory:

Hand Weapons
 a - a +0 falchion
 h - a +1 dagger of venom
 l - a +2 hand axe of distortion (weapon)
 v - a +0 blowgun
Armour
 b - a +0 leather armour
 c - a +2 robe of positive energy (worn)
 s - a +1 cloak (worn)
Scrolls
 g - a scroll of fear {unknown}
 j - 2 scrolls of remove curse
 k - a scroll of identify {unknown}
 n - a scroll of teleportation
 o - 3 scrolls of amnesia
 t - a scroll of magic mapping {unknown}
 u - a scroll of enchant armour {unknown}
 w - 2 scrolls of fog {unknown}
Potions
 e - a potion of haste
 f - a potion of might {unknown}
 i - a potion of curing {unknown}
 m - a potion of resistance {unknown}
 q - a potion of degeneration {unknown}
 r - a potion of lignification {unknown}
 x - 2 potions of flight {unknown}
Comestibles
 d - 8 rations


   Skills:
 + Level 5.4 Fighting
 + Level 2.9 Short Blades
 + Level 5.4 Long Blades
 + Level 2.9 Axes
 + Level 2.9 Maces & Flails
 + Level 2.9 Polearms
 + Level 2.9 Staves
 + Level 2.9 Slings
 + Level 2.9 Bows
 + Level 2.9 Crossbows
 + Level 2.9 Throwing
 + Level 3.9 Armour
 + Level 5.4 Dodging
 + Level 2.9 Stealth
 + Level 2.9 Shields
 + Level 2.9 Unarmed Combat
 + Level 5.8 Spellcasting
 + Level 2.3 Conjurations
 + Level 2.3 Hexes
 + Level 6.0 Charms
 + Level 2.3 Summonings
 + Level 2.3 Necromancy
 + Level 2.3 Translocations
 + Level 2.3 Transmutations
 + Level 2.3 Fire Magic
 + Level 2.3 Ice Magic
 + Level 2.3 Air Magic
 + Level 2.3 Earth Magic
 + Level 2.3 Poison Magic
 + Level 3.2 Invocations
 + Level 2.9 Evocations


You had 13 spell levels left.
You knew the following spells:

 Your Spells              Type           Power        Failure   Level  Hunger
a - Infusion              Chrm           ####         1%          1    None
b - Song of Slaying       Chrm           ####....     1%          2    None
c - Shroud of Golubria    Chrm/Tloc      ###.......   3%          2    None

Your spell library contained the following spells:

 Spells                   Type           Power        Failure   Level  Hunger
 Regeneration             Chrm/Necr      ###.......   7%          3    ##.....
 Spectral Weapon          Hex/Chrm       ###.....     7%          3    ##.....


Dungeon Overview and Level Annotations

Branches:
Dungeon (5/15)
 Temple: D:4-7

Altars:
Gozag


Innate Abilities, Weirdness & Mutations

Your experience applies equally to all skills.
You have very sharp teeth.
Your uncanny sense of smell can sniff out nearby items.


Message History

You feel sick.
The centaur shoots an arrow.
The arrow hits you.
* * * LOW HITPOINT WARNING * * *
You hear a shout!
You see here an arrow.
The killer bee stings you but does no damage.
The killer bee stings you.
* * * LOW HITPOINT WARNING * * *
You feel sick. The killer bee closely misses you.
You see here an arrow.
You hit the killer bee!
Space warps horribly around the killer bee.
You kill the killer bee!
You miss the killer bee. The killer bee stings you.
* * * LOW HITPOINT WARNING * * *
The killer bee closely misses you.
You hit the killer bee.
The killer bee is moderately wounded.
The killer bee blinks!
You feel sick.
The centaur shoots an arrow.
The arrow hits you!
You die...

......##......#
#.......#....##
#.......#......#
.#(.....)#####..##
.........##.###..#
###.............y#
#............##..####
..............#.....#
.............##.@...##
...............§†....##
......[..%..##........#
..#...........c((....##
.##.####..#.†((.......#
..... #!......#......#
.#..# #..((...#....###
#... #.......##...##
..................#


You could see a centaur and a killer bee.

Vanquished Creatures
  Sigmund (D:2)
  An ice beast (D:4)
  3 scorpions (D:4)
  2 killer bees (D:5)
  A crimson imp (D:3)
  Crazy Yiuf (D:3)
  2 orc priests (D:4)
  An orc wizard (D:2)
  Jessica (D:2)
  2 worker ants (D:4)
  3 gnolls (D:4)
  7 adders
  2 worms (D:2)
  A dart slug (D:2)
  4 leopard geckos
  16 orcs
  A ball python (D:3)
  6 bats
  7 giant cockroaches
  6 goblins
  8 hobgoblins
  6 jackals
  15 kobolds
  3 quokkas (D:3)
  A ball python skeleton (D:4)
  4 frilled lizards
  11 rats
116 creatures vanquished.

Vanquished Creatures (others)
  An adder (D:3)
  A jackal (D:3)
  A rat (D:3)
  A plant (D:1)
4 creatures vanquished.

Grand Total: 120 creatures vanquished

Notes
Turn   | Place    | Note
-------+----------+-------------------------------------------
     0 | D:1      | vishdafish the Gnoll Skald began the quest for the Orb.
     0 | D:1      | Reached XP level 1. HP: 20/20 MP: 6/6
    34 | D:1      | Reached XP level 2. HP: 7/26 MP: 2/7
   264 | D:1      | Learned a level 2 spell: Song of Slaying
   526 | D:1      | Reached XP level 3. HP: 20/31 MP: 6/9
   583 | D:1      | Reached skill level 5 in Spellcasting
  1503 | D:1      | Reached skill level 1 in Invocations
  1755 | D:2      | Noticed Jessica
  1757 | D:2      | Reached skill level 1 in Short Blades
  1757 | D:2      | Reached skill level 1 in Axes
  1757 | D:2      | Reached skill level 1 in Maces & Flails
  1757 | D:2      | Reached skill level 1 in Polearms
  1757 | D:2      | Reached skill level 1 in Staves
  1757 | D:2      | Reached skill level 1 in Slings
  1757 | D:2      | Reached skill level 1 in Bows
  1757 | D:2      | Reached skill level 1 in Crossbows
  1757 | D:2      | Reached skill level 1 in Throwing
  1757 | D:2      | Reached skill level 1 in Stealth
  1757 | D:2      | Reached skill level 1 in Shields
  1757 | D:2      | Reached skill level 1 in Unarmed Combat
  1757 | D:2      | Reached skill level 1 in Evocations
  1757 | D:2      | Reached XP level 4. HP: 32/38 MP: 4/11
  1758 | D:2      | Killed Jessica
  1758 | D:2      | Reached skill level 1 in Conjurations
  1758 | D:2      | Reached skill level 1 in Hexes
  1758 | D:2      | Reached skill level 1 in Summonings
  1758 | D:2      | Reached skill level 1 in Necromancy
  1758 | D:2      | Reached skill level 1 in Translocations
  1758 | D:2      | Reached skill level 1 in Transmutations
  1758 | D:2      | Reached skill level 1 in Fire Magic
  1758 | D:2      | Reached skill level 1 in Ice Magic
  1758 | D:2      | Reached skill level 1 in Air Magic
  1758 | D:2      | Reached skill level 1 in Earth Magic
  1758 | D:2      | Reached skill level 1 in Poison Magic
  2070 | D:2      | Reached XP level 5. HP: 42/43 MP: 12/12
  2107 | D:2      | Noticed Sigmund
  2120 | D:2      | Killed Sigmund
  2120 | D:2      | Reached XP level 6. HP: 28/50 MP: 5/14
  2525 | D:3      | Reached skill level 5 in Fighting
  2525 | D:3      | Reached skill level 5 in Long Blades
  2525 | D:3      | Reached skill level 5 in Dodging
  2990 | D:3      | Found a runed translucent door.
  2991 | D:3      | Noticed Crazy Yiuf
  2998 | D:3      | Killed Crazy Yiuf
  3176 | D:4      | Reached XP level 7. HP: 47/56 MP: 15/15
  3348 | D:4      | Learned a level 2 spell: Shroud of Golubria
  4329 | D:4      | Reached XP level 8. HP: 55/63 MP: 12/16
  4350 | D:4      | Found an opulent altar of Gozag.
  4472 | D:5      | Entered Level 5 of the Dungeon
  4506 | D:5      | Reached skill level 6 in Charms
  4507 | D:5      | HP: 2/63 [killer bee (6)]
  4515 | D:5      | Shot with an arrow by a centaur

Skill      XL: |  1  2  3  4  5  6  7  8 |
---------------+-------------------------+-----
Spellcasting   | 5 |  5.8
Invocations    | 1 2 3 |  3.2
Short Blades   | 1 2 |  2.9
Axes           | 1 2 |  2.9
Maces & Flails | 1 2 |  2.9
Polearms       | 1 2 |  2.9
Staves         | 1 2 |  2.9
Slings         | 1 2 |  2.9
Bows           | 1 2 |  2.9
Crossbows      | 1 2 |  2.9
Throwing       | 1 2 |  2.9
Stealth        | 1 2 |  2.9
Shields        | 1 2 |  2.9
Unarmed Combat | 1 2 |  2.9
Evocations     | 1 2 |  2.9
Conjurations   | 1 2 |  2.3
Hexes          | 1 2 |  2.3
Summonings     | 1 2 |  2.3
Necromancy     | 1 2 |  2.3
Translocations | 1 2 |  2.3
Transmutations | 1 2 |  2.3
Fire Magic     | 1 2 |  2.3
Ice Magic      | 1 2 |  2.3
Air Magic      | 1 2 |  2.3
Earth Magic    | 1 2 |  2.3
Poison Magic   | 1 2 |  2.3
Armour         | 3 |  3.9
Fighting       | 5 |  5.4
Long Blades    | 5 |  5.4
Dodging        | 5 |  5.4
Charms         | 6 |  6.0

Action                   |  1- 3 |  4- 6 |  7- 9 || total
-------------------------+-------+-------+-------++-------
Melee: Falchion          |    42 |       |       ||    42
       Bite              |    11 |    13 |     8 ||    32
       Dagger            |    35 |    56 |       ||    91
       Hand axe          |       |    52 |    84 ||   136
       Punch             |       |     1 |     1 ||     2
Throw: Tomahawk          |     1 |     3 |     4 ||     8
 Cast: Infusion          |     3 |     2 |     3 ||     8
       Song of Slaying   |     3 |     2 |     3 ||     8
       Shroud of Golubri |       |       |     3 ||     3
  Use: Scroll            |     3 |       |     1 ||     4
       Potion            |       |       |     4 ||     4
 Stab: Distracted        |     1 |       |       ||     1
       Sleeping          |     1 |     6 |     2 ||     9
  Eat: Chunk             |     2 |     5 |     4 ||    11
Armor: Leather armour    |    11 |    12 |       ||    23
       Robe              |       |     9 |    22 ||    31
Dodge: Dodged            |    59 |    71 |   100 ||   230
       Rpst.: Falchion   |     8 |       |       ||     8
